 Dungeon Crawl Stone Soup version 0.31-a0-73-g838c19eb66 (webtiles) character file.

Game seed: 14080565759848984270

20192 Kenran the Carver (level 12, 0/92 HPs)
             Began as a Vampire Fighter on May 23, 2023.
             Was an Initiate of Gozag.
             Killed from afar by a rime drake (15 damage)
             ... with an icy flash freeze
             ... on level 2 of the Lair of Beasts.
             The game lasted 00:28:45 (14130 turns).

Kenran the Carver (Vampire Fighter)                Turns: 14130, Time: 00:28:46

Health: 0/92       AC: 13    Str: 21    XL:     12   Next: 43%
Magic:  12/12      EV: 16    Int: 12    God:    Gozag
Gold:   3112       SH:  5    Dex: 17    Spells: 11/11 levels left

rFire   + . .        a - +0 long sword (elec)
rCold   + + .        c - +0 buckler
rNeg    . . .        b - +0 scale mail
rPois   +            w - +1 helmet
rElec   +            i - +2 cloak
rCorr   +            e - +0 pair of gloves
SInv    +            (no boots)
Will    +....        (no amulet) Stlth
                     l - ring of poison resistance
HPRegen 0.55/turn    z - ring "Jeefet" {rC+ Str+6}
MPRegen 0.13/turn

%: no passive effects
@: resistant, gold aura, healing quickly
A: alive, fangs 3, see invisible, vampiric 2
a: Exsanguinate, Renounce Religion, Potion Petition, Call Merchant, Bribe Branch


You were on level 2 of the Lair of Beasts.
You worshipped Gozag.
Gozag was most pleased with you.
You visited 3 branches of the dungeon, and saw 14 of its levels.
You also visited: Ossuary.

You collected 3208 gold pieces.
You paid 96 gold pieces to Gozag.

Inventory:

Hand Weapons
 a - a +0 long sword of electrocution (weapon)
 d - a +3 triple sword of freezing
Missiles
 k - 2 throwing nets
 m - 6 curare-tipped darts
 u - 42 poisoned darts (quivered)
Armour
 b - a +0 scale mail (worn)
 c - a +0 buckler (worn)
 e - a +0 pair of gloves (worn)
 i - a +2 cloak (worn)
 w - a +1 helmet (worn)
Jewellery
 l - a ring of poison resistance (left hand)
 z - the ring "Jeefet" (right hand) {rC+ Str+6}
   (You acquired it on level 1 of the Lair of Beasts)

   [ring of strength]

   Str:       It affects your strength (+6).
   rC:        It protects you from cold.
Wands
 o - a wand of mindburst (34)
 p - a wand of digging (7)
 v - a wand of flame (40)
 B - a wand of iceblast (11)
 J - a wand of acid (1)
Scrolls
 f - 2 scrolls of fear
 g - 5 scrolls of magic mapping
 j - 2 scrolls of brand weapon
 q - 5 scrolls of blinking
 r - 3 scrolls of teleportation
 t - a scroll of summoning
 y - 2 scrolls of enchant armour
 F - a scroll of fog
 G - a scroll of poison
 H - 3 scrolls of enchant weapon
Potions
 h - 2 potions of enlightenment {unknown}
 n - a potion of ambrosia {unknown}
 s - 3 potions of curing {@q1}
 x - 2 potions of resistance
 A - 2 potions of brilliance {unknown}
 C - 2 potions of attraction {unknown}
 D - 2 potions of degeneration {unknown}
 E - a potion of invisibility {unknown}
 I - a potion of mutation {unknown}


   Skills:
 + Level 8.1 Fighting
 - Level 14.0 Long Blades
 + Level 4.7 Armour
 - Level 12.0 Dodging
 - Level 3.0 Shields
 - Level 5.0 Evocations


You had 11 spell levels left.
You didn't know any spells.
Your spell library contained the following spells:

 Spells                   Type           Power      Damage    Failure   Level
 Blink                    Tloc           0%         N/A       85%         2
 Ensorcelled Hibernation  Hex/Ice        0%         N/A       85%         2
 Static Discharge         Conj/Air       0%         2-2/arc   85%         2
 Ozocubu's Armour         Ice            0%         N/A       97%         3
 Spider Form              Tmut/Pois      0%         N/A       97%         3
 Stone Arrow              Conj/Erth      0%         3d7       97%         3
 Anguish                  Hex/Necr       0%         N/A       100%        4
 Animate Armour           Summ/Erth      0%         N/A       100%        4
 Fulminant Prism          Conj/Hex       0%         3d5       100%        4
 Manifold Assault         Tloc           0%         N/A       100%        4
 Summon Ice Beast         Ice/Summ       0%         N/A       100%        4
 Fireball                 Conj/Fire      0%         3d3       100%        5
 Summon Mana Viper        Hex/Summ       0%         N/A       100%        5
 Conjure Ball Lightning   Conj/Air       0%         3x3d6     100%        6
 Monstrous Menagerie      Summ           0%         N/A       100%        7
 Ozocubu's Refrigeration  Ice            0%         4d7       100%        7
 Storm Form               Tmut/Air       0%         N/A       100%        7
 Lehudib's Crystal Spear  Conj/Erth      0%         10d2      100%        8


Dungeon Overview and Level Annotations

Branches:
Dungeon (11/15)            Temple (1/1) D:5            Lair (2/5) D:10
  Snake (0/4) Lair:2          Orc (0/2) D:9         Ossuary (visited)
  Swamp: Lair:2-3    Shoals: Lair:2-3

Altars:
Ashenzari
Cheibriados
Fedhas
Gozag
Hepliaklqana
Makhleb
Nemelex Xobeh
Qazlal
Ru
Sif Muna
Trog
Uskayaw
Vehumet
Wu Jian
Xom
Yredelemnul

Annotations:
D:8 exclusion: 2 downstairs
D:10 exclusion: door
D:11 2 transporters, nujazz's ghost, journeyman HOFi
Lair:1 exclusion: downstairs


Innate Abilities, Weirdness & Mutations

Your natural rate of healing is accelerated.
You have razor-sharp teeth.
You have supernaturally acute eyesight. (SInv)
You are afflicted with vampirism and can become a bat while bloodless.


Message History

Fannar barely misses you.
The ice beast hits you but does no damage.
The ice beast barely misses you.
Aiming: Corrosive Bolt
Press: ? - help, Shift-Dir - straight line, f/p - Fannar
Aim: Fannar, wielding a +0 quarterstaff of freezing, wearing a +2 robe of cold resistance and wearing a ring of ice (almost dead, 57% to hit)
The bolt of acid misses Fannar.
You block the rime drake's attack.
Fannar hits you with a +0 quarterstaff of freezing!
* * * LOW HITPOINT WARNING * * *
Fannar freezes you.
* * * LOW HITPOINT WARNING * * *
The ice beast barely misses you.
The ice beast hits you but does no damage.
Aiming: Corrosive Bolt
Press: ? - help, Shift-Dir - straight line, f/p - Fannar
Aim: Fannar, wielding a +0 quarterstaff of freezing, wearing a +2 robe of cold resistance and wearing a ring of ice (almost dead, 57% to hit)
The bolt of acid misses Fannar.
The rime drake bites you but does no damage.
Fannar hits you with a +0 quarterstaff of freezing.
* * * LOW HITPOINT WARNING * * *
The rime drake bites you but does no damage.
The ice beast hits you but does no damage.
The ice beast hits you.
* * * LOW HITPOINT WARNING * * *
The ice beast freezes you. You resist.
* * * LOW HITPOINT WARNING * * *
Aiming: Corrosive Bolt
Press: ? - help, Shift-Dir - straight line, f/p - Fannar
Aim: Fannar, wielding a +0 quarterstaff of freezing, wearing a +2 robe of cold resistance and wearing a ring of ice (almost dead, 57% to hit)
The bolt of acid hits Fannar!
The acid corrodes Fannar!
You kill Fannar!
The ice beast disappears in a puff of smoke! x2
The rime drake completely misses you.
Your Fighting skill increases to level 8!
You feel better. The ice encasing you melts away.
The rime drake breathes ice at you. The icy flash freeze hits you!
You partially resist.
You die...
Your body crumbles into a pile of gold.

#.......+##........#+.
#..................#..
#...........#.........
#..#........#......#..
#..#..#.##.........#..
#......###...).....#..
#..#..## ...#.......#.
##..$$## #..#.........
#.#.@.# .............
#...k$ยง# .#.........
##.#..... ..........
#.#....... .. #
#.##..#... ...## ...
... .. ..[.. .. .... .
..... ... ..... .....
.....


You could see a rime drake (catching breath).

Vanquished Creatures
  Fannar (Lair:2)
  2 boulder beetles
  3 death yaks
  Nergalle (D:10)
  A guardian serpent (Lair:2)
  A gargoyle (D:11)
  3 cane toads
  2 torpor snails (Lair:1)
  A kobold demonologist (D:11)
  4 komodo dragons
  A polar bear (Lair:1)
  2 trolls
  A hornet (D:9)
  3 blink frogs (Lair:2)
  Grinder (D:4)
  27 yaks
  2 wyverns
  2 steam dragons
  3 water moccasins
  An ice beast (D:6)
  2 sky beasts (D:6)
  A black bear (Lair:2)
  2 ogres
  4 orc warriors
  9 centaurs
  3 wolves (Lair:2)
  2 phantoms
  15 kobold brigands
  8 gnoll sergeants
  Blork the orc (D:6)
  A bullfrog (D:7)
  2 scorpions (D:5)
  10 wights
  A vampire bat (D:3)
  17 killer bees
  5 howler monkeys
  2 electric eels (D:9)
  A lava snake (D:9)
  5 centaur zombies (Ossuary)
  A gnoll bouda (D:7)
  3 hounds
  A jelly (D:6)
  7 orc priests
  8 orc wizards
  Natasha (twice) (D:2)
  2 iguanas (D:5)
  5 mummies (Ossuary)
  6 gnolls
  10 adders
  3 white imps (D:7)
  An ufetubus (D:6)
  7 worms
  31 orcs
  6 ball pythons
  15 bats
  11 endoplasms
  5 giant cockroaches
  4 goblins
  11 hobgoblins
  17 kobolds
  6 quokkas
  5 frilled lizards
  2 hobgoblin zombies (Ossuary)
  7 rats
329 creatures vanquished.

Notes
Turn   | Place    | Note
-------+----------+-------------------------------------------
     0 | D:1      | Kenran the Vampire Fighter began the quest for the Orb.
     0 | D:1      | Reached XP level 1. HP: 17/17 MP: 1/1
   152 | D:1      | Reached XP level 2. HP: 13/23 MP: 2/2
   219 | D:1      | Reached skill level 3 in Long Blades
   645 | D:2      | Gained mutation: You are afflicted with vampirism and can
                  | become a bat while bloodless. [Vampire growth]
   645 | D:2      | Reached XP level 3. HP: 22/28 MP: 3/3
   824 | D:2      | Noticed Natasha
   831 | D:2      | Killed Natasha
   832 | D:2      | Reached skill level 4 in Long Blades
   832 | D:2      | Reached XP level 4. HP: 26/34 MP: 4/4
   967 | D:2      | Noticed Natasha
   973 | D:2      | Killed Natasha
  1012 | D:2      | Reached skill level 5 in Long Blades
  1273 | D:3      | Reached XP level 5. HP: 31/39 MP: 5/5
  1645 | D:3      | Reached skill level 6 in Long Blades
  1738 | D:3      | Reached XP level 6. HP: 46/46 MP: 6/6
  2227 | D:4      | Noticed Grinder
  2244 | D:4      | Paralysed by Grinder for 4 turns
  2253 | D:4      | Paralysed by Grinder for 2 turns
  2256 | D:4      | Killed Grinder
  2257 | D:4      | Reached skill level 7 in Long Blades
  2405 | D:4      | Reached XP level 7. HP: 46/51 MP: 7/7
  2988 | D:5      | Entered Level 5 of the Dungeon
  3007 | D:5      | Reached skill level 8 in Long Blades
  3073 | D:5      | Found a staircase to the Ecumenical Temple.
  3094 | Temple   | Entered the Ecumenical Temple
  3148 | Temple   | Became a worshipper of Gozag Ym Sagoz the Greedy
  3251 | D:5      | Found a sand-covered staircase.
  3264 | Ossuary  | Entered an ossuary
  3292 | Ossuary  | Reached skill level 9 in Long Blades
  3586 | D:5      | Found a broken altar of Ashenzari.
  3862 | D:5      | Reached XP level 8. HP: 57/57 MP: 8/8
  3872 | D:5      | Found a faded altar of an unknown god.
  3872 | D:5      | Found a faded altar of an unknown god.
  3880 | D:5      | Found a sparkling altar of Nemelex Xobeh.
  3882 | D:5      | Found a radiant altar of Vehumet.
  3884 | D:5      | Found a shimmering altar of Xom.
  4086 | D:5      | Reached skill level 10 in Long Blades
  4242 | D:6      | Noticed Blork the orc
  4265 | D:6      | Killed Blork the orc
  4537 | D:6      | Reached skill level 5 in Fighting
  4537 | D:6      | Identified the +3 robe of the Pit {rCorr}
  4697 | D:6      | Identified the +8 sling "Azyunearr" {flame, rElec rC+++
                  | MP+9 Str-5}
  5204 | D:6      | Found a blossoming altar of Fedhas.
  5419 | D:7      | Reached skill level 5 in Dodging
  5419 | D:7      | Reached XP level 9. HP: 51/68 MP: 9/9
  6157 | D:7      | Reached skill level 11 in Long Blades
  6639 | D:8      | Got Zux Miyr's Quarto of the Missiles
  6977 | D:8      | Reached skill level 12 in Long Blades
  6977 | D:8      | Reached skill level 1 in Evocations
  7161 | D:9      | Paralysed by a hornet for 1 turns
  7363 | D:8      | Reached XP level 10. HP: 48/74 MP: 10/10
  7888 | D:9      | Found a staircase to the Orcish Mines.
  8683 | D:9      | Identified the +7 quarterstaff of Dim Light {vamp, *Rage
                  | +Blink Int-3 SInv}
  9085 | D:10     | Entered Level 10 of the Dungeon
  9208 | D:10     | Reached skill level 13 in Long Blades
  9215 | D:10     | Reached XP level 11. HP: 47/84 MP: 11/11
  9334 | D:10     | Noticed a boulder beetle
  9352 | D:10     | Killed a boulder beetle
  9819 | D:10     | Found a staircase to the Lair.
  9839 | D:10     | Found a bloodstained altar of Trog.
 10101 | D:10     | Noticed Nergalle
 10107 | D:10     | Killed Nergalle
 10108 | D:10     | Reached skill level 14 in Long Blades
 10474 | D:11     | Noticed nujazz's ghost (journeyman HOFi)
 10485 | D:11     | Found a transporter.
 10612 | D:11     | Found a transporter.
 11298 | Lair:1   | Entered Level 1 of the Lair of Beasts
 11504 | Lair:1   | Reached skill level 5 in Evocations
 11617 | Lair:1   | Noticed a boulder beetle
 11639 | Lair:1   | Killed a boulder beetle
 11640 | Lair:1   | Reached skill level 10 in Dodging
 11840 | Lair:1   | Noticed a death yak
 12072 | Lair:1   | Noticed a death yak
 12125 | Lair:1   | Killed a death yak
 12729 | Lair:1   | Reached XP level 12. HP: 60/91 MP: 12/12
 12745 | Lair:1   | Killed a death yak
 13148 | Lair:1   | Identified 2 scrolls of acquirement
 13149 | Lair:1   | Acquired a +3 triple sword of freezing
 13153 | Lair:1   | Acquired the ring "Jeefet" {rC+ Str+6}
 13528 | Lair:2   | Found a staircase to the Snake Pit.
 13792 | Lair:2   | Noticed a death yak
 13792 | Lair:2   | Noticed a death yak
 13800 | Lair:2   | Noticed a death yak
 13925 | Lair:2   | Killed a death yak
 14088 | Lair:2   | Noticed Fannar
 14128 | Lair:2   | HP: 3/92 [ice beast[Fannar] (4)]
 14129 | Lair:2   | Killed Fannar
 14130 | Lair:2   | Killed from afar by a rime drake

Illustrated notes

Levels and vault maps discovered:
D:1:      grunt_arrival_lava_bath, layout_loops_ring
D:2:      layout_rooms, kennysheep_generic_room_8, uniq_natasha
D:3:      kennysheep_six_static_rooms, layout_basic, grunt_ministairs_14,
          roderic_batcave, hangedman_decor_diamond_cutter
D:4:      layout_layer_cave, minmay_bent, uniq_grinder
D:5:      wander_river, layout_loops_ring, lemuel_round_altar,
          chequers_temple_overflow_minitemple, minmay_temple_entry_antechambers,
          enter_ossuary_1, minmay_misc_feat_enclosed
D:6:      layout_layer_cave, fedhas_bush_and_centaur_altar, uniq_blork_the_orc
D:7:      layout_gridville
D:8:      layout_gridville, chequers_garden, dk_noncrumbling_3
D:9:      layout_big_octagon, kennysheep_orc_monster_closet_entryway
D:10:     minmay_goldmine, layout_long_grid, tgw_trog, lair_entry_dummy,
          enter_bailey_2, kennysheep_generic_room_4, uniq_nergalle
D:11:     layout_gridville, gammafunk_ghost_stat_death, special_room
          [special_room_kobold]
Temple:   eino_temple_scatter_basement
Lair:1:   layout_roguey, uniq_urug
Lair:2:   layout_chaotic_city, minmay_snake_entry_spellcaster, uniq_fannar,
          uniq_sonja

Skill      XL: |  1  2  3  4  5  6  7  8  9 10 11 12 |
---------------+-------------------------------------+-----
Long Blades    | 3 4 5 6 7 9 10 12 13 14 | 14.0
Fighting       | 5 7 8 |  8.1
Dodging        | 5 6 8 11 12 | 12.0
Evocations     | 3 5 |  5.0
Shields        | 3 |  3.0
Armour         | 3 4 |  4.7

Action                     |  1- 3 |  4- 6 |  7- 9 | 10-12 || total
---------------------------+-------+-------+-------+-------++-------
  Melee: Long sword        |    90 |   173 |   364 |   771 ||  1398
         Bite              |     7 |    16 |    34 |   118 ||   175
  Throw: Dart              |       |     2 |       |    15 ||    17
  Evoke: Wand              |       |       |     3 |    16 ||    19
    Use: Scroll            |       |     4 |     5 |     7 ||    16
         Potion            |       |       |     5 |     7 ||    12
   Stab: Distracted        |       |       |       |     2 ||     2
 Armour: Scale mail        |    52 |   127 |   223 |   199 ||   601
  Dodge: Dodged            |    27 |    87 |   209 |   367 ||   690
  Block: Buckler           |    18 |    49 |   101 |   147 ||   315

Table legend: (Time is in decaauts)
 A = Elapsed time spent in this place.
 B = Non-inter-level travel time spent in this place.
 C = Inter-level travel time spent in this place.
 D = Time resting spent in this place.
 E = Time spent auto-exploring this place.
 F = Levels seen in this place.
 G = Mean time per level.
                   A        B        C        D        E       F      G
               +--------+--------+--------+--------+--------+-----+--------+
         Total |  14070 |  13591 |    479 |   2021 |   7757 |  15 |  938.0 |
       Dungeon |  11138 |  10717 |    421 |   1464 |   6101 |  11 | 1012.5 |
        Temple |     67 |     55 |     12 |      0 |      1 |   1 |   67.0 |
          Lair |   2711 |   2666 |     45 |    534 |   1608 |   2 | 1355.5 |
       Ossuary |    152 |    152 |      0 |     23 |     47 |   1 |  152.0 |
               +--------+--------+--------+--------+--------+-----+--------+

Top non-repeatable levels by time:
  Lair:1: 2008 daAuts
     D:8: 1648 daAuts
     D:6: 1338 daAuts
    D:10: 1306 daAuts
     D:9: 1125 daAuts
     D:4: 1024 daAuts
    D:11: 917 daAuts
     D:7: 913 daAuts
     D:5: 840 daAuts
     D:3: 752 daAuts
  Lair:2: 702 daAuts
     D:1: 656 daAuts
     D:2: 615 daAuts
 Ossuary: 152 daAuts
  Temple: 67 daAuts
